 Dungeon Crawl Stone Soup version 0.28-a0-957-g42eb19b844 (webtiles) character file.

Game seed: 181659729296445853

129 croobank the Ducker (level 5, -1/47 HPs)
             Began as a Gnoll Monk on Nov 30, 2021.
             Was a Believer of the Shining One.
             Killed by divine providence
             ... invoked by an orc priest
              (11 damage)
             ... on level 3 of the Dungeon.
             The game lasted 00:08:20 (3358 turns).

croobank the Ducker (Gnoll Monk)                    Turns: 3358, Time: 00:08:25

Health: -1/47      AC:  2    Str: 10    XL:     5   Next: 12%
Magic:  4/7        EV: 15    Int: 11    God:    the Shining One [**....]
Gold:   139        SH:  6    Dex: 15    Spells: 6/6 levels left

rFire   . . .      SeeInvis .   a - +0 falchion
rCold   . . .      Faith    .   (no shield)
rNeg    + . .      Spirit   .   b - +0 robe
rPois   .          Reflect  .   (no helmet)
rElec   .          Harm     .   (no cloak)
rCorr   .          Rampage  .   (no gloves)
Will    .....                   (no boots)
Stlth   +.........              (no amulet)
HPRegen 0.15/turn               (no ring)
MPRegen 0.10/turn               (no ring)

@: divinely shielded, hasted, glowing, very quick
A: fangs 1, strong nose, distributed training
a: Renounce Religion, Divine Shield


You were on level 3 of the Dungeon.
You worshipped the Shining One.
The Shining One was pleased with you.
You visited 1 branch of the dungeon, and saw 3 of its levels.

You collected 139 gold pieces.

Inventory:

Hand Weapons
 a - a +0 falchion (weapon)
 l - a +0 short sword
 q - a +0 trident
Missiles
 h - 36 arrows
 j - 96 stones (quivered)
 m - 44 sling bullets
 o - 36 bolts
Armour
 b - a +0 robe (worn)
 c - a +0 ring mail
 n - a +0 scale mail
 r - a +0 leather armour
Magical Staves
 d - a staff of poison
Scrolls
 e - 3 scrolls of teleportation {unknown}
 f - 2 scrolls of identify {unknown}
 k - 2 scrolls of torment {unknown}
Potions
 g - a potion of degeneration {unknown}
 i - a potion of brilliance {unknown}
 p - a potion of haste


   Skills:
 + Level 6.6 Fighting
 + Level 1.3 Short Blades
 + Level 6.6 Long Blades
 + Level 1.3 Axes
 + Level 1.3 Maces & Flails
 + Level 1.3 Polearms
 + Level 1.3 Staves
 + Level 1.3 Slings
 + Level 1.3 Bows
 + Level 1.3 Crossbows
 + Level 1.3 Throwing
 + Level 1.3 Armour
 + Level 6.6 Dodging
 + Level 4.3 Stealth
 + Level 1.3 Shields
 + Level 1.3 Unarmed Combat
 + Level 1.3 Spellcasting
 + Level 1.1 Conjurations
 + Level 1.1 Hexes
 + Level 1.1 Summonings
 + Level 1.1 Necromancy
 + Level 1.1 Translocations
 + Level 1.1 Transmutations
 + Level 1.1 Fire Magic
 + Level 1.1 Ice Magic
 + Level 1.1 Air Magic
 + Level 1.1 Earth Magic
 + Level 1.1 Poison Magic
 + Level 1.5 Invocations
 + Level 1.3 Evocations


You had 6 spell levels left.
You didn't know any spells.
Your spell library was empty.

Dungeon Overview and Level Annotations

Branches:
Dungeon (3/15)

Altars:
The Shining One


Innate Abilities, Weirdness & Mutations

You have very sharp teeth.
Your uncanny sense of smell can sniff out nearby items.
Your experience applies equally to all skills.


Message History

The orc priest hits you with a +0 dagger.
You see here a ball python corpse.
You barely miss the orc priest. The orc priest closely misses you.
You hit the orc priest.
You bite the orc priest, but do no damage.
The orc priest is lightly wounded.
Something unseen opens the door.
You barely miss the orc priest.
The orc priest is lightly wounded.
The orc priest misses you.
You hit the orc priest.
The orc priest is moderately wounded.
The orc priest looks encouraged for a moment.
The orc priest closely misses you.
The orc wizard casts a spell.
The orc wizard flickers and vanishes for a moment.
The orc priest mumbles some strange prayers to Beogh against you.
Beogh smites you!
You hit the orc priest.
The orc priest is moderately wounded.
The orc priest calls down the wrath of Beogh upon you.
You barely resist. The orc priest completely misses you.
A divine shield forms around you!
The orc priest looks satisfied for a moment.
The orc priest hits you with a +0 trident.
You hit the orc priest but do no damage.
The orc priest is moderately wounded.
The orc priest hits you with a +0 trident.
You hit the orc priest but do no damage.
The orc priest is moderately wounded.
The orc priest hits you with a +0 dagger.
* * * LOW HITPOINT WARNING * * *
It was a potion of haste.
You feel yourself speed up.
The orc priest invokes the aid of Beogh against you.
Pain shoots through your body!
* * * LOW HITPOINT WARNING * * *
The orc misses you.
The orc priest mumbles some strange prayers to Beogh against you.
Beogh smites you!
You die...

∆ .......####....
#......+.......
#......###>.... #......#
#.#### #.<....# #.....
#......###..÷..
#......+.#.....
#####......#.#.....
#o@oo......#.......
####+##o##...###.#...#+##
#........'...............
#........#.....#...).....
#.$......####..####......
#........+ ....# +......
#........#####.# #......
#........# #.##+#......
..........# #...........


You could see 2 orc priests, an orc wizard (invisible) and an orc.

Vanquished Creatures
  An iguana (D:3)
  An orc wizard (D:3)
  An adder (D:2)
  2 worms (D:2)
  2 dart slugs
  2 orcs (D:3)
  7 ball pythons
  4 bats
  9 endoplasms
  A giant cockroach (D:2)
  2 goblins
  3 hobgoblins
  4 jackals (D:2)
  5 kobolds
  3 quokkas
  3 frilled lizards
  6 rats
56 creatures vanquished.

Notes
Turn   | Place    | Note
-------+----------+-------------------------------------------
     0 | D:1      | croobank the Gnoll Monk began the quest for the Orb.
     0 | D:1      | Reached XP level 1. HP: 23/23 MP: 1/1
   131 | D:1      | Reached XP level 2. HP: 29/29 MP: 2/2
   591 | D:1      | Reached XP level 3. HP: 34/35 MP: 3/3
  1033 | D:2      | Reached skill level 1 in Invocations
  1646 | D:2      | Reached skill level 1 in Short Blades
  1646 | D:2      | Reached skill level 1 in Axes
  1646 | D:2      | Reached skill level 1 in Maces & Flails
  1646 | D:2      | Reached skill level 1 in Polearms
  1646 | D:2      | Reached skill level 1 in Staves
  1646 | D:2      | Reached skill level 1 in Slings
  1646 | D:2      | Reached skill level 1 in Bows
  1646 | D:2      | Reached skill level 1 in Crossbows
  1646 | D:2      | Reached skill level 1 in Throwing
  1646 | D:2      | Reached skill level 1 in Armour
  1646 | D:2      | Reached skill level 1 in Shields
  1646 | D:2      | Reached skill level 1 in Unarmed Combat
  1646 | D:2      | Reached skill level 1 in Spellcasting
  1646 | D:2      | Reached skill level 1 in Evocations
  1800 | D:2      | Found a faded altar of an unknown god.
  1808 | D:2      | Prayed at the altar of an unknown god.
  1808 | D:2      | Became a worshipper of the Shining One
  1808 | D:2      | Reached * piety under the Shining One
  1808 | D:2      | Reached ** piety under the Shining One
  1855 | D:2      | Reached XP level 4. HP: 27/41 MP: 5/5
  3100 | D:3      | Reached skill level 1 in Conjurations
  3100 | D:3      | Reached skill level 1 in Hexes
  3100 | D:3      | Reached skill level 1 in Summonings
  3100 | D:3      | Reached skill level 1 in Necromancy
  3100 | D:3      | Reached skill level 1 in Translocations
  3100 | D:3      | Reached skill level 1 in Transmutations
  3100 | D:3      | Reached skill level 1 in Fire Magic
  3100 | D:3      | Reached skill level 1 in Ice Magic
  3100 | D:3      | Reached skill level 1 in Air Magic
  3100 | D:3      | Reached skill level 1 in Earth Magic
  3100 | D:3      | Reached skill level 1 in Poison Magic
  3288 | D:3      | Reached XP level 5. HP: 46/47 MP: 5/7
  3358 | D:3      | Killed from afar by an orc priest

Illustrated notes

Levels and vault maps discovered:
D:1:      tarquinn_simple_flora_water_c, layout_loops_cross, minmay_cut_off
D:2:      layout_basic, shapermc_ecumenical_altar_totnotflames,
          kennysheep_crisscross, amcnicky_mini_pool_small
D:3:      layout_basic, nicolae_concentric_dashed_squares_mild, uniq_terence

Skill      XL: |  1  2  3  4 |
---------------+-------------+-----
Invocations    | 1 |  1.5
Short Blades   | 1 |  1.3
Axes           | 1 |  1.3
Maces & Flails | 1 |  1.3
Polearms       | 1 |  1.3
Staves         | 1 |  1.3
Slings         | 1 |  1.3
Bows           | 1 |  1.3
Crossbows      | 1 |  1.3
Throwing       | 1 |  1.3
Armour         | 1 |  1.3
Shields        | 1 |  1.3
Unarmed Combat | 1 |  1.3
Spellcasting   | 1 |  1.3
Evocations     | 1 |  1.3
Conjurations   | 1 |  1.1
Hexes          | 1 |  1.1
Summonings     | 1 |  1.1
Necromancy     | 1 |  1.1
Translocations | 1 |  1.1
Transmutations | 1 |  1.1
Fire Magic     | 1 |  1.1
Ice Magic      | 1 |  1.1
Air Magic      | 1 |  1.1
Earth Magic    | 1 |  1.1
Poison Magic   | 1 |  1.1
Fighting       | |  6.6
Long Blades    | |  6.6
Dodging        | |  6.6
Stealth        | |  4.3

Action                   |  1- 3 |  4- 6 || total
-------------------------+-------+-------++-------
Melee: Falchion          |   123 |    64 ||   187
       Bite              |    11 |     9 ||    20
       Punch             |       |     1 ||     1
Invok: Divine Shield     |       |     1 ||     1
  Use: Potion            |       |     1 ||     1
 Stab: Sleeping          |     6 |       ||     6
Armor: Robe              |    13 |     3 ||    16
Dodge: Dodged            |    78 |    38 ||   116

Table legend: (Time is in decaauts)
 A = Elapsed time spent in this place.
 B = Non-inter-level travel time spent in this place.
 C = Inter-level travel time spent in this place.
 D = Time resting spent in this place.
 E = Time spent auto-exploring this place.
 F = Levels seen in this place.
 G = Mean time per level.
                   A        B        C        D        E       F      G
               +--------+--------+--------+--------+--------+-----+--------+
         Total |   3352 |   3320 |     32 |    766 |   1880 |   3 | 1117.3 |
       Dungeon |   3352 |   3320 |     32 |    766 |   1880 |   3 | 1117.3 |
               +--------+--------+--------+--------+--------+-----+--------+

Top non-repeatable levels by time:
     D:2: 2261 daAuts
     D:1: 800 daAuts
     D:3: 289 daAuts
